 Dungeon Crawl Stone Soup version 0.29-a0-575-g0dc89cf053 (webtiles) character file.

Game seed: 4500188913945532184

170284 Pooter the Severer (level 17, -3/244 HPs)
             Began as a Minotaur Berserker on June 11, 2022.
             Was a Priest of Trog.
             Slain by a deep elf sorcerer
             ... wielding a +0 short sword
              (6 damage)
             ... on level 3 of the Elven Halls on June 12, 2022.
             The game lasted 03:34:03 (33538 turns).

Pooter the Severer (Minotaur Berserker)            Turns: 33538, Time: 03:34:04

Health: -3/244     AC: 17    Str: 30    XL:     17   Next: 37%
Magic:  16/16      EV: 10    Int:  6    God:    Trog [***...]
Gold:   1274       SH:  6    Dex: 11    Spells: 16/16 levels left

rFire   + + .      SeeInvis +   a - +10 broad axe of the Viper {vorpal, rF+}
rCold   + + .      Faith    .   y - +0 kite shield {reflect}
rNeg    . . .      Spirit   .   R - +6 plate armour {rC+}
rPois   .          Reflect  +   (helmet restricted)
rElec   .          Harm     .   M - scarf {rC+ rF+}
rCorr   .          Rampage  .   n - +0 pair of gloves {Str+3}
Will    +++..                   s - +1 pair of boots
Stlth   ..........              g - amulet of regeneration
HPRegen 2.30/turn               S - ring of see invisible
MPRegen 0.15/turn               U - ring of flight

@: berserking, lethally poisoned (-3 -> -12), strong-willed, corroded, flying,
regenerating, invisible, very quick
A: horns 2, retaliatory headbutt
a: Renounce Religion, Berserk, Trog's Hand


You were on level 3 of the Elven Halls.
You worshipped Trog.
Trog was most pleased with you.
You visited 4 branches of the dungeon, and saw 26 of its levels.
You visited the Abyss 1 time.
You visited 1 bazaar.
You also visited: Ossuary.

You collected 3364 gold pieces.
You spent 2090 gold pieces at shops.

Inventory:

Hand Weapons
 a - the +10 broad axe of the Viper (weapon) {vorpal, rF+}
   (Trog gifted it to you on level 1 of the Elven Halls)

   It inflicts extra damage upon your enemies.
   rF:        It protects you from fire.
 b - the +9 hand crossbow of Ate Luixi {venom, rPois rC- SInv}
   (You bought it in a shop on level 2 of the Orcish Mines)

   Any ammunition fired from it poisons the flesh of those it strikes.
   rC:        It makes you vulnerable to cold.
   rPois:     It protects you from poison.
   SInv:      It lets you see invisible.
 c - a +4 flail of freezing
   (You took it off a wight on level 8 of the Dungeon)
 q - a +3 vampiric battleaxe
   (You bought it in a shop on level 3 of the Dungeon)
 w - a +1 war axe of electrocution
   (You found it on level 2 of the Dungeon)
 O - the +8 battleaxe of Noon {vorpal, rPois Str+4}
   (Trog gifted it to you on level 11 of the Dungeon)

   It inflicts extra damage upon your enemies.
   Str:       It affects your strength (+4).
   rPois:     It protects you from poison.
 P - a +1 arbalest of flaming
   (You found it on level 10 of the Dungeon)
Missiles
 o - 4 atropa-tipped darts
 r - 15 boomerangs (quivered)
 K - 3 datura-tipped darts
 N - 4 silver boomerangs
 W - 8 javelins
Armour
 n - a +0 pair of gloves of strength (worn)
   (You bought it in a shop on level 12 of the Dungeon)
 s - a +1 pair of boots (worn)
   (You found it on level 15 of the Dungeon)
 y - a +0 kite shield of reflection (worn)
   (You took it off Donald on level 1 of the Elven Halls)
 M - a scarf of resistance (worn)
   (You found it on level 9 of the Dungeon)
 R - a +6 plate armour of cold resistance (worn)
   (You took it off an orc warrior on level 10 of the Dungeon)
Jewellery
 g - an amulet of regeneration (around neck)
   (You found it on level 9 of the Dungeon)
 C - a ring of resist corrosion
   (You found it on level 5 of the Lair of Beasts)
 F - a ring of protection from fire
   (You found it on level 6 of the Lair of Beasts)
 Q - the ring of Due Proportion {+Blink rElec rN+++ Will- Int+6}
   (You found it on level 1 of the Orcish Mines)

   [ring of intelligence]

   Int:       It affects your intelligence (+6).
   rElec:     It insulates you from electricity.
   rN:        It renders you almost immune to negative energy.
   +Blink:    It lets you blink.
   Will:      It decreases your willpower.
 S - a ring of see invisible (left hand)
   (You found it on level 5 of the Dungeon)
 U - a ring of flight (right hand)
   (You found it on level 5 of the Dungeon)
Wands
 d - a wand of iceblast (3)
   (You found it on level 2 of the Lair of Beasts)
 f - a wand of flame (19)
   (You took it off Natasha on level 2 of the Dungeon)
 u - a wand of paralysis (1)
   (You found it on level 4 of the Lair of Beasts)
 x - a wand of acid (4)
   (You found it on level 3 of the Lair of Beasts)
 A - a wand of charming (4)
   (You found it on level 15 of the Dungeon)
 D - a wand of digging (3)
   (You found it on level 10 of the Dungeon)
 X - a wand of polymorph (23)
   (You took it off Ijyb on level 5 of the Dungeon)
Scrolls
 e - 6 scrolls of fear
 h - 2 scrolls of magic mapping
 i - 4 scrolls of identify {@r1}
 t - 8 scrolls of teleportation {@r4}
 G - 3 scrolls of noise {!r}
 H - 3 scrolls of immolation {!r}
 L - 6 scrolls of fog
 T - 3 scrolls of poison {!r}
 V - a scroll of blinking
 Y - 2 scrolls of silence
Potions
 j - 8 potions of attraction {!q}
 k - 9 potions of heal wounds {@q2}
 l - 2 potions of cancellation
 m - 7 potions of lignification {!q}
 v - 4 potions of might
 z - 12 potions of curing {@q1}
 B - 10 potions of flight
 E - 7 potions of haste {@q3}
 I - 2 potions of invisibility
 J - 4 potions of mutation {!q}
 Z - 3 potions of ambrosia
Miscellaneous
 p - a box of beasts
   (You found it on level 1 of the Orcish Mines)


   Skills:
 + Level 17.9 Fighting
 - Level 20.0 Axes
 - Level 10.0 Crossbows
 - Level 6.7 Throwing
 - Level 5.4 Armour
 + Level 12.6 Dodging
 + Level 9.8 Stealth
 + Level 12.2 Evocations


You had 16 spell levels left.
You didn't know any spells.
Your spell library was empty.

Dungeon Overview and Level Annotations

Branches:
Dungeon (15/15)            Temple (0/1) D:4            Lair (6/6) D:9
  Swamp (0/4) Lair:4       Spider (0/4) Lair:2        Slime (0/5) Lair:5
    Orc (2/2) D:10            Elf (3/3) Orc:2        Vaults (0/5) D:14
 Depths (0/4) D:15        Ossuary (visited)

Altars:
Dithmenos
Elyvilon
Fedhas
Gozag
Hepliaklqana
Makhleb
Nemelex Xobeh
Ru
Trog
Uskayaw
Xom
Beogh

Shops:
D:3 (   D:8 (   D:12 [   Orc:1 [(   Orc:2 (((!(   Elf:1 ((((   Elf:3 (

Portals:
Trove: D:10 (give +6 demon whip)


Innate Abilities, Weirdness & Mutations

You have a pair of horns on your head.
You reflexively headbutt those who attack you in melee.


Message History

* * * LOW HITPOINT WARNING * * *
The Executioner closely misses you. The Executioner barely misses you.
The deep elf elementalist closely misses you.
The deep elf demonologist casts a spell.
The deep elf demonologist gestures wildly while chanting.
You block the Brimstone Fiend's attack.
The Brimstone Fiend hits you but does no damage. x2
The Brimstone Fiend calls on the powers of darkness!
The deep elf demonologist convulses!
The deep elf sorcerer convulses!
The deep elf annihilator convulses! x2; The deep elf demonologist convulses!
The deep elf high priest convulses!
The deep elf death mage convulses!
The deep elf elementalist convulses!
The deep elf sorcerer convulses!
The deep elf demonologist convulses!
Your body is wracked with pain!
* * * LOW HITPOINT WARNING * * *
The deep elf blademaster convulses!
The deep elf annihilator convulses!
The deep elf elementalist convulses!
The soul eater draws from the surrounding life force!
* * * LOW HITPOINT WARNING * * *
You block the Executioner's attack.
The Executioner hits you but does no damage. x2
You closely miss the deep elf elementalist.
You slice the tormentor!!
You kill the tormentor!
The tormentor disappears in a puff of smoke!
You miss the deep elf sorcerer. You hit the Brimstone Fiend.
You slash the deep elf blademaster! You slice the Executioner!!
You feel the power of Trog in you as your rage grows.
You kill the Executioner!
The Executioner disappears in a puff of smoke!
You slash the green death!
The ynoxinul bellows!
The deep elf elementalist hits you with a +0 long sword.
* * * LOW HITPOINT WARNING * * *
You hear an angry growl.
The deep elf death mage beckons forth a restless soul!
The deep elf demonologist casts a spell.
The deep elf annihilator gestures wildly while chanting.
The deep elf annihilator blinks!
The deep elf demonologist mumbles some strange words.
The deep elf annihilator casts a spell.
The deep elf annihilator blinks!
The green death gestures at you. The poison arrow hits you!!
You are poisoned.
* * * LOW HITPOINT WARNING * * *
The Brimstone Fiend barely misses you. The Brimstone Fiend hits you.
* * * LOW HITPOINT WARNING * * *
The Brimstone Fiend hits you but does no damage.
The deep elf sorcerer hits you with a +0 short sword.
You die...

## .## ##.# ..#
##.3.# .e.2
##.....## .443.
#...#e14##2..#.
...###3e....###
#..§#e2e1e...#.
#...42@e......
##...e4e.§....
##..ee.3.4..#
##.ee.e.4.##
e...3..e*.#
1..2e.......
.....§.......
...#........#.


You could see 2 deep elf blademasters, 3 Brimstone Fiends, 2 reapers, a green
death (summoned), 3 deep elf annihilators, 2 deep elf death magi, 2 deep elf
sorcerers, 2 deep elf elementalists, a soul eater (summoned), 5 deep elf
demonologists, an orange demon (summoned, can't see you), a deep elf high priest
(can't see you), 2 hellwings, 3 rust devils, a hellion (summoned, can't see
you), a tormentor (summoned, wandering, can't see you), a neqoxec (summoned,
can't see you), 3 ynoxinuls, a red devil (summoned, can't see you) and a lost
soul (summoned).

Vanquished Creatures
  Asterion (Elf:2)
  A deep elf blademaster (Elf:2)
  Agnes (D:14)
  Roxanne (D:15)
  2 deep elf sorcerers
  Donald (Elf:1)
  2 deep elf demonologists
  Snorg (D:10)
  3 deep elf death magi (Elf:1)
  The ghost of happo123 the Covert, a journeyman KoEn of Wu Jian (Orc:2)
  2 ettins
  Fannar (Lair:3)
  A great orb of eyes (D:15)
  Josephine (D:14)
  A boulder beetle (D:13)
  2 deep elf high priests
  12 hydras
  A great orb of eyes (shapeshifter) (Elf:2)
  The ghost of chrisa4242 the Spear-Bearer, a journeyman DsCK of Xom (Orc:1)
  2 catoblepae
  A death knight (D:11)
  3 centaur warriors
  4 two-headed ogres
  24 dancing weapons
  7 death yaks
  2 orc high priests
  4 tengu warriors
  17 deep elf knights
  7 skeletal warriors
  Lodul (D:10)
  A sea snake (Lair:4)
  4 orc knights
  4 wizards
  24 deep elf zephyrmancers
  3 deep elf archers
  3 harpies (D:12)
  A lindwurm (Lair:4)
  A wolf spider (Lair:6)
  2 necromancers (D:15)
  8 ugly things
  21 deep elf pyromancers
  9 cyclopes
  2 oklob plants
  A manticore (D:15)
  27 elephants
  A guardian serpent (Lair:6)
  An eye of devastation (shapeshifter) (Elf:1)
  16 cane toads
  5 black mambas
  An ice statue (D:11)
  A torpor snail (Lair:4)
  4 unseen horrors
  8 komodo dragons
  6 rime drakes
  A freezing wraith (D:11)
  2 tengu conjurers
  9 trolls
  A queen bee (shapeshifter) (Elf:2)
  12 polar bears
  4 slime creatures (D:14)
  2 raiju (Lair:6)
  3 hornets (Lair:6)
  28 blink frogs
  2 air elementals
  A water elemental (Elf:1)
  Sigmund (D:5)
  10 wyverns
  6 wraiths
  43 yaks
  2 hogs (shapeshifter)
  8 basilisks
  3 chaos spawn (Elf:3)
  A redback (Lair:6)
  A fire elemental (Elf:1)
  4 vampire mosquitoes
  2 steam dragons (Lair:4)
  A swamp worm (Lair:4)
  2 neqoxecs (Orc:1)
  11 wargs
  3 acid dragons
  22 water moccasins
  15 hell hounds (Lair:6)
  3 sky beasts
  3 ice beasts
  14 black bears
  A black bear (shapeshifter) (D:15)
  41 orc warriors
  42 wolves
  18 ogres
  14 centaurs
  5 boggarts
  A phantom (D:6)
  11 bullfrogs
  3 necrophages
  7 scorpions
  3 gnoll sergeants
  2 earth elementals (Elf:1)
  4 wyvern zombies (Ossuary)
  2 water moccasin zombies (Ossuary)
  3 wights (D:8)
  An orc simulacrum (Orc:2)
  4 killer bees (D:7)
  A spectral ogre (Orc:2)
  6 howler monkeys
  4 electric eels
  4 bullfrog zombies (Ossuary)
  6 centaur zombies (Ossuary)
  16 jellies
  8 hounds
  4 quasits (Orc:1)
  12 orc priests
  Jessica (D:2)
  2 spectral orcs (Orc:2)
  A warg simulacrum (Orc:2)
  Ijyb (D:5)
  Natasha (thrice) (D:2)
  2 iguanas
  10 orc wizards
  A troll simulacrum (Orc:2)
  2 killer bee zombies (Ossuary)
  12 mummies
  6 howler monkey zombies (Ossuary)
  4 adders
  19 gnolls
  A river rat (D:7)
  An ogre simulacrum (Orc:2)
  An ufetubus (D:5)
  A worm (D:4)
  4 dart slugs
  67 orcs
  11 endoplasms
  7 giant cockroaches
  6 goblins
  8 hobgoblins
  4 jackals (D:1)
  2 quokkas
  8 ball pythons
  3 bats
  2 frilled lizards
  A hobgoblin zombie (D:6)
  5 kobolds
  An orc zombie (D:6)
  4 rats
906 creatures vanquished.

Vanquished Creatures (collateral kills)
  A manticore (D:15)
  2 orange demons (D:15)
  4 orc warriors (Orc:1)
  2 centaurs (D:15)
  A scorpion (D:15)
10 creatures vanquished.

Vanquished Creatures (others)
  A deep elf pyromancer (Elf:2)
  A yak (Lair:3)
  A black bear (Lair:6)
  An orc warrior (Orc:1)
  3 centaurs
  52 fungi
  102 plants
  5 withered plants
166 creatures vanquished.

Grand Total: 1082 creatures vanquished

Notes
Turn   | Place    | Note
-------+----------+-------------------------------------------
     0 | D:1      | Pooter the Minotaur Berserker began the quest for the Orb.
     0 | D:1      | Reached XP level 1. HP: 19/19 MP: 0/0
   134 | D:1      | Reached XP level 2. HP: 24/27 MP: 1/1
   275 | D:1      | Reached skill level 4 in Axes
   969 | D:2      | Noticed Natasha
   979 | D:2      | Killed Natasha
   980 | D:2      | Reached XP level 3. HP: 20/33 MP: 2/2
  1212 | D:2      | Found a faded altar of an unknown god.
  1213 | D:2      | Noticed Natasha
  1214 | D:2      | Noticed a great orb of eyes
  1218 | D:2      | Noticed a floating eye
  1218 | D:2      | Noticed a shining eye
  1218 | D:2      | Noticed a great orb of eyes
  1228 | D:2      | Killed Natasha
  1229 | D:2      | Reached XP level 4. HP: 26/40 MP: 3/3
  1414 | D:2      | Noticed Jessica
  1416 | D:2      | Killed Jessica
  1561 | D:2      | Reached ** piety under Trog
  1580 | D:2      | Reached skill level 5 in Axes
  1703 | D:2      | Noticed Natasha
  1716 | D:2      | Killed Natasha
  1717 | D:2      | Reached XP level 5. HP: 10/47 MP: 4/4
  2399 | D:3      | Found Jimexed's Antique Weapon Shoppe.
  2883 | D:3      | Identified the +8 mace of the Building Bear {flame, *Slow
                  | SInv Stlth+}
  3640 | D:4      | Found a staircase to the Ecumenical Temple.
  3649 | D:4      | Reached skill level 5 in Fighting
  3649 | D:4      | Reached skill level 6 in Axes
  3649 | D:4      | Reached XP level 6. HP: 50/56 MP: 5/5
  3649 | D:4      | Reached *** piety under Trog
  3952 | D:4      | Found a blossoming altar of Fedhas.
  4045 | D:4      | Found an opulent altar of Gozag.
  4045 | D:4      | Found a white marble altar of Elyvilon.
  4045 | D:4      | Found a sacrificial altar of Ru.
  4045 | D:4      | Found a hide-covered altar of Uskayaw.
  4055 | D:4      | Found a hazy altar of Hepliaklqana.
  4060 | D:4      | Found a burning altar of Makhleb.
  4132 | D:5      | Entered Level 5 of the Dungeon
  4243 | D:5      | Reached XP level 7. HP: 57/61 MP: 6/6
  4395 | D:3      | Bought a runed battleaxe for 209 gold pieces
  4433 | D:5      | Reached skill level 7 in Axes
  4562 | D:5      | Noticed Sigmund
  4567 | D:5      | Killed Sigmund
  4568 | D:5      | Reached skill level 5 in Armour
  4782 | D:5      | Noticed Ijyb
  4793 | D:5      | Killed Ijyb
  4805 | D:5      | Reached skill level 8 in Axes
  4805 | D:5      | Reached XP level 8. HP: 70/70 MP: 7/7
  4875 | D:5      | Reached skill level 1 in Evocations
  5030 | D:5      | Found a sparkling altar of Nemelex Xobeh.
  5030 | D:5      | Found a shadowy altar of Dithmenos.
  5095 | D:5      | Reached skill level 9 in Axes
  5582 | D:6      | Found a sand-covered staircase.
  5591 | Ossuary  | Entered an ossuary
  5643 | Ossuary  | Reached skill level 10 in Axes
  5649 | Ossuary  | Reached XP level 9. HP: 79/79 MP: 8/8
  5702 | Ossuary  | Reached **** piety under Trog
  6016 | Ossuary  | Reached skill level 11 in Axes
  6960 | D:7      | Found a shimmering altar of Xom.
  7076 | D:7      | Reached skill level 12 in Axes
  7096 | D:7      | Noticed Duvessa
  7096 | D:7      | Noticed Dowan
  7097 | D:7      | Noticed Duvessa
  7097 | D:7      | Duvessa changed into Duvessa the wolf
  7099 | D:7      | Noticed Dowan
  7099 | D:7      | Dowan changed into Dowan the river rat
  7102 | D:7      | Killed Duvessa the wolf
  7106 | D:7      | Killed Dowan the river rat
  7140 | D:7      | Reached XP level 10. HP: 62/91 MP: 9/9
  7291 | D:7      | Reached skill level 5 in Evocations
  7434 | D:7      | Upgraded the game from 0.29-a0-563-g64e4043184 to
                  | 0.29-a0-575-g0dc89cf053
  7934 | D:8      | Found Koupag's Weapon Emporium.
  8326 | D:8      | Found a bloodstained altar of Trog.
  9351 | D:9      | Reached skill level 13 in Axes
  9401 | D:9      | Found a staircase to the Lair.
  9839 | D:10     | Entered Level 10 of the Dungeon
  9845 | D:10     | Noticed Lodul
  9889 | D:10     | Killed Lodul
  9890 | D:10     | Reached skill level 10 in Fighting
  9914 | D:10     | Reached skill level 14 in Axes
  9940 | D:10     | Reached XP level 11. HP: 100/101 MP: 10/10
 10190 | D:10     | Identified the +2 robe of the Earth {+Blink Will+ Str-4
                  | Dex+4}
 10227 | D:10     | Noticed a seven-headed hydra
 10234 | D:10     | Killed a seven-headed hydra
 10277 | D:10     | Reached skill level 1 in Throwing
 10491 | D:10     | Found a portal to a secret trove of treasure.
 10612 | D:10     | Found a staircase to the Orcish Mines.
 10688 | D:10     | Noticed Snorg
 10737 | D:10     | Killed Snorg
 10738 | D:10     | Reached skill level 15 in Axes
 10993 | Orc:1    | Entered Level 1 of the Orcish Mines
 11223 | Orc:1    | Found Gohyir's Armour Boutique.
 11450 | Orc:1    | Found Sengyh's Antique Weapon Shoppe.
 11463 | Orc:1    | Found a transporter.
 11518 | Orc:1    | Found a transporter.
 11536 | Orc:1    | Noticed chrisa4242's ghost (journeyman DsCK)
 11593 | Orc:1    | Noticed an orc high priest
 11610 | Orc:1    | Killed an orc high priest
 11842 | Orc:2    | Entered Level 2 of the Orcish Mines
 11850 | Orc:2    | Noticed an orc knight
 11992 | Orc:2    | Killed an orc knight
 12540 | Orc:2    | Found a runed translucent gate.
 12541 | Orc:2    | Found a runed translucent gate.
 12542 | Orc:2    | Found a runed translucent gate.
 12722 | Orc:2    | Reached XP level 12. HP: 111/111 MP: 11/11
 12728 | Orc:2    | Reached skill level 16 in Axes
 13154 | Orc:2    | Found Wusul's Weapon Shop.
 13154 | Orc:2    | Found Romatoru's Antique Weapon Emporium.
 13156 | Orc:2    | Found Fuselun's Antique Weapon Shoppe.
 13158 | Orc:2    | Found Codim's Distillery.
 13162 | Orc:2    | Bought a potion of heal wounds for 65 gold pieces
 13162 | Orc:2    | Bought a potion of curing for 39 gold pieces
 13162 | Orc:2    | Bought a potion of invisibility for 104 gold pieces
 13162 | Orc:2    | Bought 2 potions of invisibility for 208 gold pieces
 13164 | Orc:2    | Bought 3 poisoned darts for 20 gold pieces
 13196 | Orc:2    | Reached skill level 1 in Crossbows
 13356 | Orc:2    | Found a staircase to the Elven Halls.
 13698 | Orc:2    | Noticed happo123's ghost (journeyman KoEn)
 13789 | Orc:2    | Reached skill level 5 in Throwing
 13843 | Orc:2    | Found Pyroyxty's Antique Weapon Emporium.
 13851 | Orc:2    | Bought an iridescent hand crossbow for 323 gold pieces
 13851 | Orc:2    | Identified the +9 hand crossbow of Ate Luixi {venom, rPois
                  | rC- SInv} (You bought it in a shop on level 2 of the Orcish
                  | Mines)
 14004 | Lair:1   | Entered Level 1 of the Lair of Beasts
 14788 | Lair:1   | Identified the +5 hand axe "Tehe" {chaos, rC+ Str+3 Dex+3}
 14994 | Lair:2   | Reached skill level 17 in Axes
 15220 | Lair:2   | Noticed an eight-headed hydra
 15227 | Lair:2   | Killed an eight-headed hydra
 15265 | Lair:2   | Reached skill level 5 in Crossbows
 15374 | Lair:2   | Reached XP level 13. HP: 103/119 MP: 12/12
 15665 | Lair:2   | Found a hole to the Spider Nest.
 16222 | Lair:3   | Noticed Fannar
 16237 | Lair:3   | Killed Fannar
 17348 | Lair:4   | Reached skill level 18 in Axes
 17382 | Lair:3   | Reached skill level 5 in Dodging
 17462 | Lair:4   | Reached skill level 1 in Stealth
 17701 | Lair:4   | Noticed Nessos
 17702 | Lair:4   | Noticed Nessos
 17702 | Lair:4   | Nessos changed into Nessos the sea snake
 17713 | Lair:4   | Killed Nessos the sea snake
 18537 | Lair:4   | Reached XP level 14. HP: 91/129 MP: 13/13
 18572 | Lair:4   | Found a staircase to the Swamp.
 19058 | Lair:5   | Found a staircase to the Slime Pits.
 19503 | Lair:6   | Entered Level 6 of the Lair of Beasts
 19677 | Lair:6   | Paralysed by a hornet for 1 turns
 19726 | Lair:6   | Identified the +0 ring mail of the Bouncing Xenops {-Cast
                  | Harm rN+++ Dex-2}
 20030 | Lair:6   | Reached skill level 19 in Axes
 20040 | Lair:6   | Reached ***** piety under Trog
 20355 | Lair:6   | Identified the +3 acid dragon scales "Uhezul" {rCorr Dex+9}
 20368 | Lair:6   | Reached skill level 10 in Crossbows
 21610 | Lair:6   | Reached XP level 15. HP: 139/139 MP: 14/14
 21956 | D:11     | Found a runed translucent door.
 22009 | D:11     | Reached skill level 5 in Stealth
 22010 | D:11     | Reached skill level 20 in Axes
 22216 | D:11     | Found a flickering gateway to a bazaar.
 22228 | Bazaar   | Entered a bazaar
 22229 | Bazaar   | Found Nyavupn's Weapon Boutique.
 22230 | Bazaar   | Found Goarunoc's Jewellery Shoppe.
 22238 | Bazaar   | Found Nith's Distillery.
 22244 | Bazaar   | Found Atetiym's Jewellery Emporium.
 22287 | Bazaar   | Found Lompyer's Weapon Boutique.
 22314 | Bazaar   | Bought a potion of mutation for 152 gold pieces
 22314 | Bazaar   | Bought a potion of haste for 190 gold pieces
 22314 | Bazaar   | Bought 2 potions of invisibility for 304 gold pieces
 22314 | Bazaar   | Bought 2 potions of invisibility for 304 gold pieces
 22363 | D:11     | Identified the +8 battleaxe of Noon {vorpal, rPois Str+4}
                  | (Trog gifted it to you on level 11 of the Dungeon)
 22363 | D:11     | Received a gift from Trog
 23364 | D:12     | Found Wypaex's Armour Boutique.
 23436 | D:12     | Reached skill level 15 in Fighting
 24305 | D:12     | Bought a +0 pair of gloves of strength for 172 gold pieces
 25245 | D:14     | Noticed Josephine
 25259 | D:14     | Killed Josephine
 25260 | D:14     | Reached skill level 10 in Evocations
 25626 | D:14     | Found a gate to the Vaults.
 26185 | D:15     | Entered Level 15 of the Dungeon
 26264 | D:15     | Identified the +5 rapier of Defiance {flame, Int+4}
 26349 | D:15     | Noticed Agnes
 26359 | D:14     | Killed Agnes
 26486 | D:14     | Reached skill level 10 in Dodging
 26576 | D:15     | Identified Roxanne's Collected Works on the Rocks
 26576 | D:15     | Noticed Roxanne
 26614 | D:15     | Killed Roxanne
 26615 | D:15     | Reached XP level 16. HP: 116/151 MP: 15/15
 27045 | D:15     | Found a staircase to the Depths.
 27383 | Orc:1    | Killed chrisa4242's ghost
 27430 | Orc:1    | Got the ring of Due Proportion {+Blink rElec rN+++ Will-
                  | Int+6}
 27431 | Orc:1    | Identified the +1 robe of Midnight {Str+2 Dex+2 Slay+2}
 27509 | Orc:2    | Killed happo123's ghost
 28760 | Elf:1    | Entered Level 1 of the Elven Halls
 29977 | Elf:1    | Found Yjeoz's Antique Weapon Shop.
 30051 | Elf:1    | Found Uxuveh's Weapon Shop.
 30070 | Elf:1    | Identified the +0 scale mail of True Grit {Drain rN+ Regen+
                  | Int+3}
 30224 | Elf:1    | Paralysed by an air elemental for 1 turns
 30383 | Elf:1    | Found Nezi's Antique Weapon Shop.
 30594 | Elf:1    | Found Foehogha's Weapon Shoppe.
 30694 | Elf:1    | Noticed Donald
 30725 | Elf:1    | Killed Donald
 30725 | Elf:1    | Identified the +10 broad axe of the Viper {vorpal, rF+}
                  | (Trog gifted it to you on level 1 of the Elven Halls)
 30725 | Elf:1    | Received a gift from Trog
 31053 | Elf:2    | Identified the +8 spear "Boemof" {vamp, rPois Str+4 Dex+3
                  | SInv Stlth-}
 31789 | Elf:2    | Found a runed translucent gate.
 31790 | Elf:2    | Found a runed translucent gate.
 31790 | Elf:2    | Found a runed translucent gate.
 31840 | Elf:2    | Paralysed by an air elemental for 1 turns
 31844 | Elf:2    | Reached XP level 17. HP: 156/162 MP: 16/16
 32096 | Elf:2    | Noticed a deep elf blademaster
 32120 | Elf:2    | Killed a deep elf blademaster
 32558 | Elf:2    | Noticed Asterion
 32574 | Elf:2    | Killed Asterion
 32907 | Elf:3    | Entered Level 3 of the Elven Halls
 32942 | Elf:3    | Cast into level 3 of the Abyss (+2 hand axe of distortion)
 33002 | Elf:3    | Escaped the Abyss
 33255 | Elf:3    | Found Govvod's Antique Weapon Boutique.
 33529 | Elf:3    | Noticed a deep elf blademaster
 33529 | Elf:3    | Noticed a deep elf blademaster
 33530 | Elf:3    | Noticed a Brimstone Fiend
 33534 | Elf:3    | Noticed a Brimstone Fiend
 33536 | Elf:3    | Noticed a Brimstone Fiend
 33538 | Elf:3    | HP: 7/244 [green death/poison arrow[a deep elf
                  | demonologist] (23)]
 33538 | Elf:3    | HP: 3/244 [Brimstone Fiend[a deep elf demonologist] (4)]
 33538 | Elf:3    | Slain by a deep elf sorcerer

Illustrated notes

Levels and vault maps discovered:
D:1:      onia_arrival_mini_maze, layout_basic
D:2:      layout_basic, hellmonk_ecumenical_altar_watching_god,
          serial_bayou_crossing, uniq_jessica, uniq_natasha
D:3:      layout_basic, serial_shops, shop
D:4:      layout_basic, fedhas_altar_4, minmay_overflow_temple_hex,
          minmay_temple_entry_arrows
D:5:      minmay_inner_zag, layout_cave_pools, jmf_multi_god_temple,
          uniq_sigmund, uniq_ijyb
D:6:      layout_basic, nicolae_ossuary_entry_giza
D:7:      layout_rooms, xom_teletrap_fun, uniq_duvessa
D:8:      layout_loops_ring, trog_book, serial_shops,
          nicolae_shop_advertising_works [nicolae_subvault_shop_adworks]
D:9:      layout_gridville, david_lair_shrubbed
D:10:     layout_loops_ring, david_orc_1_choice, nicolae_trove_entry_crossroad,
          corexii_leaking_fountain, lemuel_old_faithful, uniq_snorg, uniq_lodul
D:11:     layout_layer_cave, serial_shops, bzr_firewalk,
          minmay_misc_feat_nine_boxes, minivault_16, lightli_airlock
D:12:     layout_gridville, serial_shops, nicolae_inconvenience_store,
          nicolae_two_hexagons, argonaut_gorgonesque
D:13:     layout_basic, nicolae_twisting_strands
D:14:     layout_cave_pods, david_vaults_1, chequers_serial_rivers_small_a,
          uniq_josephine
D:15:     hangedman_depths_entry_civil_slaughter, layout_cave_pools, hex_tiny,
          hangedman_decor_slide_cut, einodemon_barbed_minivault, uniq_agnes,
          uniq_roxanne
Lair:1:   layout_regular_city, nicolae_quartered_pool_impasse,
          grunt_forest_small_clearing_treed, serial_bayou_shore_b
Lair:2:   layout_chaotic_city, spider_nest_entry_web_field, grunt_megastairs_4,
          serial_bayou_shore_a
Lair:3:   layout_cellular_growth, infiniplex_staircase_pool, uniq_fannar
Lair:4:   layout_regular_city, palyth_hydra_swamp_entry, uniq_nessos
Lair:5:   layout_regular_city, minmay_slime_entry_jelly_boxes
Lair:6:   hangedman_lair_caniforms_friends, layout_regular_city,
          hangedman_lair_tendril_chambers, grunt_megastairs_1
Orc:1:    layout_caves, serial_shops, shop, nicolae_shop_hallway_plus,
          gammafunk_ghost_stat_death, bh_open_orc_temple
Orc:2:    st_orc_rangers, layout_diamond_mine, gammafunk_ghost_necromancy,
          serial_shops, nicolae_lakefront_shop, mines5_lemuel
Elf:1:    elf_arrival_001, layout_onion_city, serial_shops, shop,
          nicolae_shop_bloodbath_and_beyond,
          nicolae_shop_competitors_out_of_business, shop_statue,
          hangedman_elf_disciples, minivault_19, uniq_donald
Elf:2:    nicolae_elf_blades_crystal_corner, layout_loops_corners, drop_trap,
          uniq_asterion
Elf:3:    minmay_elf_hall_x, layout_geoelf_octagon, serial_co_window_serial,
          co_window_corner_a, co_window_corner_a, co_window_corner_a,
          co_window_paths_a, co_window_paths_a, co_window_corner_b,
          co_window_of_opportunity_b, co_window_cross_4, co_window_broadway_a,
          co_window_4corner_a, co_window_paths_d, glass_columns_a,
          glass_columns_c, glass_columns_b, glass_columns_b, serial_shops, shop,
          nicolae_elf_free_trip_to_the_abyss

Skill      XL: |  1  2  3  4  5  6  7  8  9 10 11 12 13 14 15 16 17 |
---------------+----------------------------------------------------+-----
Axes           | 4 5 6 8 10 12 14 15 17 18 19 20 | 20.0
Fighting       | 4 5 6 7 9 10 11 12 13 14 16 17 | 17.9
Armour         | 3 4 5 |  5.4
Dodging        | 3 4 5 7 10 12 | 12.6
Evocations     | 3 4 6 7 8 9 10 11 12 | 12.2
Throwing       | 4 5 6 |  6.7
Crossbows      | 5 8 10 | 10.0
Stealth        | 2 4 7 9 |  9.8

Action                   |  1- 3 |  4- 6 |  7- 9 | 10-12 | 13-15 | 16-18 || total
-------------------------+-------+-------+-------+-------+-------+-------++-------
Melee: Hand axe          |    44 |    34 |       |       |       |       ||    78
       Headbutt          |     5 |    16 |    62 |   107 |   211 |    47 ||   448
       Punch             |     1 |       |       |     1 |     2 |       ||     4
       Mace              |       |    53 |       |       |       |       ||    53
       Halberd           |       |    20 |       |       |       |       ||    20
       War axe           |       |    14 |       |    83 |    39 |       ||   136
       Battleaxe         |       |       |   274 |   384 |   778 |   128 ||  1564
       Flail             |       |       |       |     7 |    46 |       ||    53
       Broad axe         |       |       |       |       |       |   174 ||   174
 Fire: Hunting sling     |       |     7 |    10 |     7 |       |       ||    24
       Arbalest          |       |       |       |   188 |       |       ||   188
       Hand crossbow     |       |       |       |    16 |   331 |   241 ||   588
Throw: Stone             |    19 |    28 |       |       |       |       ||    47
       Dart              |       |     2 |     3 |    29 |    31 |     5 ||    70
       Boomerang         |       |       |       |    14 |    28 |    20 ||    62
       Javelin           |       |       |       |       |       |     3 ||     3
Invok: Berserk           |     2 |     1 |     2 |    12 |     8 |     4 ||    29
       Trog's Hand       |       |       |     6 |    27 |    28 |    24 ||    85
       Brothers in Arms  |       |       |       |       |       |     4 ||     4
Evoke: Wand              |       |       |     3 |    13 |    10 |     4 ||    30
  Use: Scroll            |     1 |     6 |     7 |    13 |    18 |     5 ||    50
       Potion            |       |       |       |     2 |     4 |    10 ||    16
 Stab: Invisible         |       |       |       |       |     2 |    21 ||    23
       Petrified         |       |       |       |       |     9 |       ||     9
       Paralysed         |       |       |       |       |       |     1 ||     1
Armor: Animal skin       |     4 |       |       |       |       |       ||     4
       Chain mail        |     8 |    69 |   183 |    60 |       |       ||   320
       Plate armour      |       |       |       |   173 |   685 |   182 ||  1040
Dodge: Dodged            |    21 |    54 |   133 |   258 |   451 |   161 ||  1078
Block: Kite shield       |       |       |       |       |       |    70 ||    70
       Reflection        |       |       |       |       |       |     5 ||     5

Table legend: (Time is in decaauts)
 A = Elapsed time spent in this place.
 B = Non-inter-level travel time spent in this place.
 C = Inter-level travel time spent in this place.
 D = Time resting spent in this place.
 E = Time spent auto-exploring this place.
 F = Levels seen in this place.
 G = Mean time per level.
                   A        B        C        D        E       F      G
               +--------+--------+--------+--------+--------+-----+--------+
         Total |  33909 |  31624 |   2285 |   6191 |  17664 |  29 | 1169.3 |
       Dungeon |  16879 |  15313 |   1566 |   2188 |  10102 |  15 | 1125.3 |
          Lair |   8040 |   7512 |    528 |   1125 |   4620 |   6 | 1340.0 |
  Orcish Mines |   3521 |   3384 |    137 |   1093 |   1010 |   2 | 1760.5 |
   Elven Halls |   4656 |   4604 |     52 |   1522 |   1717 |   3 | 1552.0 |
         Abyss |     59 |     59 |      0 |      5 |      0 |   1 |   59.0 |
        Bazaar |    100 |    100 |      0 |      0 |     31 |   1 |  100.0 |
       Ossuary |    650 |    650 |      0 |    256 |    184 |   1 |  650.0 |
               +--------+--------+--------+--------+--------+-----+--------+

Top non-repeatable levels by time:
   Orc:2: 2425 daAuts
  Lair:6: 2118 daAuts
   Elf:1: 2069 daAuts
   Elf:2: 2018 daAuts
     D:2: 1488 daAuts
    D:10: 1455 daAuts
  Lair:4: 1414 daAuts
     D:5: 1395 daAuts
  Lair:3: 1349 daAuts
    D:14: 1335 daAuts
    D:11: 1307 daAuts
     D:9: 1259 daAuts
  Lair:2: 1221 daAuts
     D:8: 1171 daAuts
    D:12: 1139 daAuts
